Map: Rainfall LE

Players

spicypoops

  • Race: Zerg Zerg
  • League: Diamond
  • Spawn Location: 11:00

RipNHammer - Winner!

  • Race: Terran Terran
  • League: Master
  • Spawn Location: 5:00

VOD

Have the link to the VOD?

Description

Time

  • Played on: Sept. 7, 2026, 9:15 a.m.
  • Length: 12:33
Show
View Real Time Build Order
Export as new Build Order

spicypoops Zerg 

Build Orders: Hatch First 

Get SALT Encoding   

  8  0:00  Drone  
  9  0:11  Drone  
  10  0:16  Drone  
  11  0:28  Overlord  
  11  0:33  Drone  
  12  0:46  Drone x2  
  14  0:51  Drone  
  15  1:12  Hatchery  
  15  1:15  Drone  
  15  1:18  Drone  
  15  1:21  Drone  
  17  1:31  Drone  
  18  1:35  Extractor  
  17  1:41  Spawning Pool  
  17  1:44  Drone  
  17  1:51  Drone  
  18  2:01  Drone  
  19  2:10  Overlord  
  19  2:28  Queen x2  
  23  2:30  Zergling x4  
  25  2:39  Metabolic Boost  
  25  2:42  Drone x2  
  27  2:45  Drone  
  27  2:48  Drone  
  29  3:04  Queen  
  30  3:12  Drone, Overlord  
  31  3:31  Drone x4  
  35  3:35  Extractor  
  34  3:43  Queen  
  34  3:45  Drone x2  
  34  3:46  Drone  
  40  3:56  Hatchery  
  40  4:02  Drone  
  40  4:04  Lair  
  40  4:10  Evolution Chamber  
  40  4:12  Roach Warren  
  40  4:16  Zergling x4  
  40  4:17  Overlord  
  40  4:32  Overlord  
  40  4:36  Drone x5  
  45  4:39  Overlord  
  45  4:41  Pneumatized Carapace  
  45  4:49  Overlord x2  
  45  4:59  Overlord x3  
  45  5:07  Drone x3  
  45  5:08  Drone  
  45  5:09  Queen  
  49  5:15  Roach  
  49  5:16  Roach x2  
  55  5:23  Roach x2  
  59  5:29  Drone  
  59  5:30  Drone x2  
  62  5:39  Drone x5  
  65  5:49  Roach x2  
  69  5:55  Drone x2  
  71  5:58  Spore Crawler  
  71  6:01  Extractor, Drone x2  
  71  6:04  Queen  
  73  6:12  Extractor, Drone  
  73  6:13  Drone x2, Extractor  
  73  6:18  Drone x3  
  77  6:41  Drone x6  
  77  6:42  Extractor  
  77  6:44  Roach x5, Extractor  
  77  6:46  Overlord x2  
  91  6:54  Overlord x2  
  91  6:56  Zerg Ground Armor Level 1  
  85  7:04  Drone x3  
  85  7:06  Overseer  
  88  7:10  Drone x3  
  88  7:11  Drone x3  
  94  7:21  Drone x2  
  94  7:22  Drone x2  
  98  7:23  Drone  
  98  7:47  Drone  
  98  7:48  Drone x8  
  98  8:10  Hatchery  
  97  8:15  Queen  
  97  8:17  Glial Reconstitution  
  99  8:23  Overlord x3  
  98  8:34  Hydralisk Den  
  98  8:36  Zergling x12  
  98  8:37  Zergling x16  
  111  8:48  Zergling x12  
  117  8:56  Zerg Ground Armor Level 2  
  117  9:05  Drone x7  
  115  9:23  Hydralisk x10  
  131  9:25  Queen  
  131  9:28  Extractor  
  131  9:29  Extractor  
  129  9:32  Spore Crawler  
  129  9:33  Spore Crawler  
  129  9:36  Ravager  
  129  9:37  Ravager x10  
  138  9:52  Grooved Spines  
  138  9:58  Evolution Chamber  
  137  10:00  Drone  
  137  10:01  Drone x2  
  137  10:02  Drone x3  
  137  10:05  Overlord x3  
  137  10:06  Overlord x3  
  138  10:16  Infestation Pit  
  136  10:27  Drone x3  
  136  10:28  Drone x7  
  140  10:32  Zergling x4  
  140  10:33  Zergling x22  
  159  10:42  Muscular Augments  
  159  10:52  Hive  
  159  10:53  Infestor  
  159  10:54  Infestor x5  
  171  11:10  Drone x2  
  171  11:11  Drone  
  173  11:12  Drone x5  
  173  11:13  Drone  
  157  11:46  Zergling x12  
  157  11:47  Zergling x22  
  167  12:14  Hatchery  
Show
View Real Time Build Order
Export as new Build Order

RipNHammer Terran - Winner!

Build Orders: Reaper Expand, Hellion Banshee 

Get SALT Encoding   

  8  0:00  SCV  
  9  0:12  SCV  
  10  0:24  SCV  
  11  0:37  SCV  
  11  0:39  Supply Depot  
  12  0:49  SCV  
  13  0:53  Refinery  
  13  1:01  SCV  
  14  1:05  Barracks  
  14  1:13  SCV  
  15  1:25  SCV  
  16  1:37  SCV  
  17  1:52  Reaper, Orbital Command  
  18  2:07  Command Center  
  18  2:18  SCV  
  19  2:24  Factory  
  19  2:30  Refinery  
  19  2:33  Barracks Reactor  
  19  2:37  SCV  
  20  2:49  SCV  
  20  2:50  Supply Depot  
  21  3:12  SCV, Starport  
  22  3:21  Orbital Command  
  22  3:24  SCV  
  23  3:33  Hellion x2  
  27  3:36  SCV  
  28  3:48  SCV  
  33  3:55  Hellion x2  
  33  3:56  Viking  
  33  3:57  Barracks Tech Lab  
  33  4:01  SCV x2  
  37  4:08  Supply Depot  
  37  4:15  SCV  
  38  4:18  SCV  
  38  4:20  Hellion  
  41  4:28  SCV  
  41  4:29  Hellion  
  44  4:37  Banshee  
  44  4:38  Cloaking Field  
  47  4:39  SCV  
  47  4:42  Supply Depot  
  47  4:44  SCV  
  49  4:50  Supply Depot  
  49  4:51  SCV  
  50  5:04  SCV  
  50  5:06  Command Center  
  51  5:07  SCV  
  51  5:10  Hellion  
  54  5:16  SCV  
  54  5:19  SCV  
  56  5:21  Banshee  
  56  5:28  SCV  
  60  5:30  Factory  
  60  5:31  SCV  
  60  5:34  Refinery  
  61  5:40  SCV  
  62  5:44  SCV  
  63  5:54  SCV  
  63  5:56  SCV, Factory  
  65  5:58  Refinery  
  63  6:07  SCV  
  63  6:08  SCV  
  65  6:15  Supply Depot  
  65  6:17  Hellion x2  
  69  6:26  SCV  
  69  6:27  Factory  
  69  6:28  Orbital Command  
  70  6:44  Cyclone, Factory Tech Lab  
  70  6:46  Factory  
  73  6:50  Hellion x2  
  73  6:52  Mag-Field Accelerator  
  77  7:06  Cyclone  
  77  7:08  Infernal Pre-Igniter  
  80  7:09  SCV x2  
  80  7:13  Supply Depot  
  82  7:38  Factory Tech Lab  
  82  7:39  Factory Tech Lab  
  82  7:42  SCV  
  81  7:49  SCV x2  
  82  7:53  Cyclone x2  
  82  7:54  Hellion x2  
  84  8:01  Orbital Command  
  84  8:05  Siege Tank x2  
  91  8:12  SCV  
  91  8:13  SCV  
  91  8:16  Hellion, Engineering Bay  
  91  8:19  Supply Depot  
  96  8:20  Hellion  
  96  8:22  Refinery x2  
  96  8:25  SCV x2, Cyclone  
  96  8:26  Armory, Supply Depot x2  
  101  8:27  Siege Tank  
  101  8:32  SCV  
  99  8:37  SCV x2, Hellion  
  99  8:40  Siege Tank, Cyclone  
  99  8:41  Armory  
  109  8:48  SCV  
  109  8:49  SCV  
  109  8:53  Hellion  
  113  8:56  SCV  
  113  9:02  Supply Depot x2  
  114  9:03  SCV x2  
  114  9:07  Missile Turret  
  114  9:08  Cyclone  
  114  9:09  Command Center  
  119  9:14  Sensor Tower  
  119  9:21  SCV x3  
  120  9:33  SCV  
  120  9:34  Cyclone, Siege Tank, Hellion, SCV  
  120  9:36  Terran Vehicle Weapons Level 1, Terran Vehicle And Ship Armor Level 1, SCV  
  131  9:40  Cyclone, Siege Tank  
  131  9:41  Hellion  
  139  9:52  Supply Depot  
  139  9:55  Hellion  
  139  9:57  SCV  
  139  9:58  Supply Depot  
  142  10:11  Siege Tank  
  142  10:12  Cyclone  
  142  10:14  Cyclone, Siege Tank, Hellion  
  151  10:17  Hellion  
  151  10:19  Supply Depot  
  148  10:25  SCV  
  148  10:27  SCV  
  150  10:29  Factory  
  147  10:36  Hellion, Missile Turret  
  149  10:44  Cyclone, Siege Tank, Hellion  
  149  10:46  Cyclone, Siege Tank  
  149  10:48  Starport Reactor, SCV  
  164  10:55  SCV  
  164  10:56  SCV  
  166  10:59  Hellion  
  166  11:00  SCV  
  166  11:03  Drilling Claws, Refinery, Smart Servos  
  169  11:05  Refinery  
  169  11:06  Supply Depot  
  169  11:08  SCV x2  
  171  11:16  Cyclone, Siege Tank  
  171  11:18  Hellion, Cyclone, Siege Tank  
  173  11:21  Hellion, Factory Tech Lab  
  164  11:34  Liberator  
  164  11:39  Hellion  
  159  11:47  Liberator  
  159  11:48  Cyclone, Siege Tank  
  159  11:50  Planetary Fortress, Cyclone, Siege Tank  
  171  11:58  SCV x2  
  173  12:02  Hellion  
  173  12:03  Hellion  
Tags
 
Add a new tag
Caveats
  • Supply blocks, unpowered buildings, or Contaminate may cause inaccurate times.
  • Supply counts are checked every 10 seconds.